 Dungeon Crawl Stone Soup version 0.29.1-15-g9cfb28693d (webtiles) character file.

Game seed: 10600223272490875637

49 Jase the Caller (level 3, 0/24 HPs)
             Began as a Merfolk Summoner on Apr 23, 2023.
             Slain by Robin
             ... wielding a +0 club
              (1 damage)
             ... on level 2 of the Dungeon.
             The game lasted 00:06:18 (1786 turns).

Jase the Caller (Merfolk Summoner)                  Turns: 1786, Time: 00:06:19

Health: 0/24       AC:  0    Str:  8    XL:     3   Next: 77%
Magic:  6/6        EV: 21    Int: 16    God:
Gold:   63         SH:  0    Dex: 19    Spells: 3/6 levels left

rFire   . . .      SeeInvis .   (weapon currently unavailable)
rCold   . . .      Faith    .   (shield currently unavailable)
rNeg    . . .      Spirit   .   (body armour currently unavailable)
rPois   .          Reflect  .   (helmet currently unavailable)
rElec   .          Harm     .   (cloak currently unavailable)
rCorr   .          Rampage  .   (gloves currently unavailable)
Will    .....                   (boots currently unavailable)
Stlth   ++........              (no amulet)
HPRegen 0.08/turn               (ring currently unavailable)
MPRegen 0.10/turn               (ring currently unavailable)

@: bat-form, flying, very quick
A: fast, flying, no casting, tiny, (nimble swimmer 2), (mertail)
a: no special abilities


You were on level 2 of the Dungeon.
You were a bat.
You visited 1 branch of the dungeon, and saw 2 of its levels.

You collected 63 gold pieces.

Inventory:

Hand Weapons
 a - a +0 spear (melded)
Missiles
 k - 11 stones
 n - 6 curare-tipped darts
Armour
 c - a +0 leather armour
 d - a +0 robe (melded)
Magical Staves
 b - a staff of cold
Jewellery
 i - a ring of protection from cold (melded)
Scrolls
 f - 2 scrolls of immolation {unknown}
 g - a scroll of magic mapping {unknown}
 j - a scroll of summoning {unknown}
Potions
 e - a potion of magic
 h - a potion of cancellation {unknown}
 l - a potion of invisibility {unknown}
 m - a potion of mutation {unknown}


   Skills:
 * Level 2.1 Polearms
 + Level 3.4 Dodging
 - Level 2.1 Stealth
 + Level 2.4 Spellcasting
 + Level 4.4 Summonings


You had 3 spell levels left.
You knew the following spells:

 Your Spells              Type           Power      Damage    Failure   Level
a - Summon Small Mammal   Summ           64%        N/A       3%          1
b - Call Imp              Summ           16%        N/A       4%          2

Your spell library contained the following spells:

 Spells                   Type           Power      Damage    Failure   Level
 Call Canine Familiar     Summ           16%        N/A       10%         3
 Apportation              Tloc           2%         N/A       21%         1
 Necrotise                Necr           4%         1d4       21%         1
 Summon Guardian Golem    Hex/Summ       8%         N/A       24%         3
 Ensorcelled Hibernation  Hex/Ice        2%         N/A       30%         2
 Spider Form              Tmut/Pois      1%         N/A       52%         3
 Summon Lightning Spire   Summ/Air       8%         N/A       63%         4
 Anguish                  Hex/Necr       0%         N/A       89%         4


Dungeon Overview and Level Annotations

Branches:
Dungeon (2/15)

Altars:

Annotations:
D:2 Robin


Innate Abilities, Weirdness & Mutations

You are a bat.
You are tiny and dextrous.
You move quickly.
You are flying.
Your equipment is almost entirely melded.
You are incapable of wielding weapons or throwing items.
You cannot cast spells.
((You are very nimble when in or above water. (Stealth+, EV+, Speed+++)))
((Your lower body shifts to a powerful aquatic tail in water.))


Message History

Robin is almost dead.
Robin barely misses you. The goblin barely misses you.
You closely miss Robin.
Robin is almost dead.
Robin barely misses you. The goblin hits you with a +0 dagger.
You hit Robin but do no damage.
Robin is almost dead.
Robin closely misses you. The goblin barely misses you.
You completely miss Robin.
Robin is almost dead.
Robin zaps a wand.
You resist with significant effort. The goblin hits you with a +0 dagger.
* * * LOW HITPOINT WARNING * * *
You hit Robin but do no damage.
Robin is almost dead.
Robin zaps a wand.
You turn into a bat.
Your +0 spear melds into your body.
Your +0 robe melds into your body.
Your ring of protection from cold melds into your body.
The goblin completely misses you.
You hit Robin but do no damage.
Robin is almost dead.
The goblin no longer looks unusually strong.
The hobgoblin no longer looks unusually strong.
Robin hits you with a +0 club.
* * * LOW HITPOINT WARNING * * *
The goblin closely misses you.
Unknown command.
Unknown command.
You hit Robin but do no damage.
Robin is almost dead.
Robin roars a battlecry!
The goblins go into a battle-frenzy!
The goblin misses you.
You hit Robin but do no damage.
Robin is almost dead.
Robin misses you. The goblin barely misses you.
You hit Robin but do no damage.
Robin is almost dead.
Robin hits you with a +0 club.
You die...

#...#.###.# # ###.#.#...#
######### #.#.#.#.#
gg.g.g..# #.#.#.#.##
#######g##########
####.#.#..... .
#####..g.......#
#....#.#...##
...........#####g#
#.####.#...## .#########.#
#g# #.# #.#..... .# #.#
#b# #.# #.#..... .#
#####.#####g# #># #....#..
#.....g...gg# #.# ####....
#.###.#####.# #.# #.#.. .
#.# ##.## #.#######.#.. .#
###.####...###......).....
..
.........#.......#####.#..
#. ###.####...###.).###
#.#.. #.
##.##...#...#.....# #....


You could see Robin, a hobgoblin (strong) and 3 goblins.

Vanquished Creatures
  An adder (D:2)
  4 endoplasms
  A giant cockroach (D:1)
  2 goblins
  3 hobgoblins
  4 ball pythons (D:1)
  A bat (D:2)
  2 kobolds (D:1)
  2 rats (D:1)
20 creatures vanquished.

Vanquished Creatures (collateral kills)
  2 bats
  3 endoplasms
  3 goblins (D:2)
  2 hobgoblins
  2 kobolds
  A quokka (D:1)
  2 ball pythons
  2 frilled lizards
  A rat (D:1)
18 creatures vanquished.

Grand Total: 38 creatures vanquished

Notes
Turn   | Place    | Note
-------+----------+-------------------------------------------
     0 | D:1      | Jase the Merfolk Summoner began the quest for the Orb.
     0 | D:1      | Reached XP level 1. HP: 13/13 MP: 3/3
    45 | D:1      | Reached XP level 2. HP: 17/19 MP: 3/5
    78 | D:1      | Learned a level 2 spell: Call Imp
   269 | D:1      | Reached skill level 1 in Polearms
   919 | D:2      | Reached XP level 3. HP: 24/24 MP: 3/6
  1727 | D:2      | Noticed Robin
  1783 | D:2      | HP: 1/24 [Robin/+0 club (3)]
  1786 | D:2      | Slain by Robin

Illustrated notes

Levels and vault maps discovered:
D:1:      onia_arrival_handbag, layout_rooms
D:2:      layout_loops_ring, uniq_robin

Skill      XL: |  1  2  3 |
---------------+----------+-----
Dodging        | 3 |  3.4
Polearms       | 1 2 |  2.1
Stealth        | |  2.1
Spellcasting   | |  2.4
Summonings     | |  4.4

Action                   || total
-------------------------++-------
Melee: Unarmed           ||    20
       Spear             ||    84
 Cast: Summon Small Mamm ||    42
 Stab: Sleeping          ||     8
Armor: Robe              ||    12
Dodge: Dodged            ||    86
